AoeStats
← ShangTsung

Arabia

509637160Analyzed
1v1 RM · 6d ago on Sep 27, 2026· 37m 6s· 2 players
Game mode
Random Map
Map size
Tiny (2 player)
Population
200
Speed
Normal
Resources
Standard
Victory
Conquest
Starting age
Dark Age
Ending age
Imperial Age
RankedLock teamsTeams togetherTeam positionsShared explorationLock speedFull tech treeHidden civsTurbo modeCheats
Victory
Defeat
🇺🇸 Malay · United States
1306
+17
🇧🇷 Malay · Brazil
1322
-17
Groove7731
7:03 Loom
10:07 Feudal Age
10:02 Double-Bit Axe
13:58 Fletching
18:01 Padded Archer Armor
21:56 Horse Collar
25:16 Castle Age
24:18 Elite Skirmisher
25:02 Bodkin Arrow
26:05 Leather Archer Armor
25:47 Gold Mining
27:05 Crossbowman
29:32 Town Watch
30:22 Wheelbarrow
31:53 Thumb Ring
32:29 Bow Saw
34:49 Ballistics
35:16 Heavy Plow
35:58 Hand Cart
36:22 Scale Barding Armor
ShangTsung
2:25 Loom
9:38 Feudal Age
10:08 Man-at-Arms
15:36 Fletching
16:47 Horse Collar
16:52 Double-Bit Axe
18:17 Padded Archer Armor
25:12 Wheelbarrow
26:45 Castle Age
25:46 Gold Mining
26:05 Crossbowman
26:41 Bodkin Arrow
28:51 Scale Barding Armor
29:15 Bow Saw
29:50 Husbandry
30:03 Light Cavalry
30:58 Husbandry
Connection lost

Rejoining the realm…

Still unreachable

The connection could not be restored.

Session expired

The server has moved on; the page needs a fresh start.